 Dungeon Crawl Stone Soup version 0.19-a0-36-g4a0968a (webtiles) character file.

658 Steelers13 the Chopper (level 7, -6/63 HPs)
             Began as a Minotaur Berserker on May 3, 2016.
             Was a Priest of Trog.
             Mangled by Prince Ribbit (8 damage)
             ... on level 5 of the Dungeon.
             The game lasted 00:32:22 (4138 turns).

Steelers13 the Chopper (Minotaur Berserker)         Turns: 4138, Time: 00:32:23

Health: -6/63      AC: 11    Str: 22    XL:     7   Next: 29%
Magic:  6/6        EV:  8    Int:  4    God:    Trog [***...]
Gold:   155        SH:  0    Dex: 11    Spells: 0 memorised, 6 levels left

rFire  . . .     SeeInvis .     a - +0 hand axe
rCold  . . .     Gourm    .     e - +0 plate armour
rNeg   . . .     Faith    .     (no shield)
rPois  .         Spirit   .     (helmet restricted)
rElec  .         Dismiss  .     (no cloak)
rCorr  .         Reflect  .     (no gloves)
SustAt .         Harm     .     (no boots)
MR     .....                    (no amulet)
Stlth  ..........               (no ring)
                                (no ring)

@: lethally poisoned (-6 -> -7), not resistant to hostile enchantments,
extremely unstealthy
A: retaliatory headbutt, horns 2
a: Berserk, Trog's Hand, Burn Spellbooks, Renounce Religion


You were on level 5 of the Dungeon.
You worshipped Trog.
Trog was most pleased with you.
You were hungry.

You visited 1 branch of the dungeon, and saw 5 of its levels.

You collected 155 gold pieces.

Inventory:

Hand Weapons
 a - a +0 hand axe (weapon)
 n - a +0 hand crossbow
 r - a +0 war axe of electrocution
 w - a +0 war axe
Armour
 b - a +0 animal skin
 e - a +0 plate armour (worn)
Jewellery
 u - a cursed -4 ring of evasion {unknown}
Scrolls
 f - a scroll of enchant weapon {unknown}
 h - 4 scrolls of identify {unknown}
 i - 2 scrolls of fog {unknown}
 k - a scroll of amnesia {unknown}
 o - 2 scrolls of random uselessness {unknown}
 q - a scroll of teleportation {unknown}
 t - 2 scrolls of enchant armour {unknown}
 v - 3 scrolls of remove curse {unknown}
Potions
 j - a potion of cure mutation {unknown}
 m - a potion of heal wounds {unknown}
 x - 2 potions of degeneration {unknown}
Books
 p - an Akashic Record

   Spells                             Type                      Level
   a - Dispersal                      Translocation                6
   b - Malign Gateway                 Summoning/Translocation      7
   c - Disjunction                    Translocation                8
   d - Controlled Blink               Translocation                8
   Trog disapproves of the use of such an item.
Comestibles
 c - 2 bread rations
 d - 2 meat rations
 g - 8 fruits
 l - a beef jerky


   Skills:
 + Level 6.3 Fighting
 * Level 6.9 Axes
 + Level 4.1 Armour
 + Level 4.3 Dodging
 - Level 0.1 Stealth


You had 6 spell levels left.
You didn't know any spells.

Dungeon Overview and Level Annotations

Branches:
Dungeon (5/15)
 Temple: D:4-7

Altars:
Cheibriados
Okawaru
Vehumet

Annotations:
D:5 Prince Ribbit


Innate Abilities, Weirdness & Mutations

You reflexively headbutt those who attack you in melee.
You have a pair of horns on your head.


Message History

Your plate armour prevents you from hitting the orc.
Your headbutt misses the orc.
You feel sick.
Prince Ribbit says, "You're just another fly to me."
You hit the orc.
The orc is lightly wounded.
The orc hits you but does no damage.
You closely miss the orc.
You feel sick. The orc barely misses you. You furiously retaliate!
You headbutt the orc!
You kill the orc!
Trog accepts your kill.
Prince Ribbit blinks!
There is a stone staircase leading down here.
Things that are here:
a mace; an orc corpse You feel sick.
Prince Ribbit hits you!
* * * LOW HITPOINT WARNING * * *
You hit Prince Ribbit. Your headbutt misses Prince Ribbit.
Prince Ribbit is lightly wounded.
Prince Ribbit hits you!
You die...

....# .....
### ......
...
......###.#
#..!..#
###)###
#.########)#
.......<##F#
#.#####.##@#
#.##.#
#.##>#
#.##.####...
#..........#
####.####.##
#... #####


You could see Prince Ribbit.

Vanquished Creatures
  Sigmund (D:2)
  The ghost of Steelers13 the Skirmisher, a weakling MiBe of Trog (D:3)
  A howler monkey (D:4)
  A jelly (D:4)
  2 orc wizards (D:5)
  Ijyb (D:2)
  An iguana (D:4)
  3 worker ants
  A hound skeleton (D:4)
  4 gnolls (D:3)
  7 adders
  2 oozes (D:3)
  3 worms (D:2)
  2 dart slugs (D:3)
  4 giant geckos
  4 orcs
  2 giant cockroaches (D:4)
  5 goblins
  7 hobgoblins
  6 jackals
  A quokka (D:3)
  3 ball pythons (D:4)
  A ball python skeleton (D:4)
  8 bats
  A giant gecko skeleton (D:4)
  4 giant newts
  7 kobolds
  A quokka skeleton (D:4)
  5 rats
89 creatures vanquished.

Notes
Turn   | Place    | Note
--------------------------------------------------------------
     0 | D:1      | Steelers13 the Minotaur Berserker began the quest for the Orb.
     0 | D:1      | Reached XP level 1. HP: 19/19 MP: 0/0
   440 | D:1      | Reached XP level 2. HP: 27/27 MP: 1/1
   512 | D:2      | Noticed Ijyb
   523 | D:2      | Killed Ijyb
   523 | D:2      | Reached XP level 3. HP: 33/33 MP: 2/2
   578 | D:2      | Found a radiant altar of Vehumet.
   741 | D:2      | Noticed Sigmund
   754 | D:2      | Killed Sigmund
   754 | D:2      | Reached skill level 5 in Fighting
   754 | D:2      | Reached skill level 5 in Axes
   754 | D:2      | Reached XP level 4. HP: 29/42 MP: 3/3
   754 | D:2      | Reached XP level 5. HP: 34/48 MP: 4/4
  1373 | D:2      | Reached ** piety under Trog
  2334 | D:3      | Reached XP level 6. HP: 45/56 MP: 5/5
  2482 | D:3      | Noticed Steelers13's ghost (weakling MiBe)
  2502 | D:3      | Killed Steelers13's ghost
  2812 | D:4      | Found a snail-covered altar of Cheibriados.
  3267 | D:4      | Reached XP level 7. HP: 44/63 MP: 6/6
  3586 | D:3      | Reached *** piety under Trog
  3590 | D:3      | Found an iron altar of Okawaru.
  4080 | D:5      | Entered Level 5 of the Dungeon
  4094 | D:5      | Noticed Prince Ribbit
  4137 | D:5      | HP: 2/63 [Prince Ribbit (8)]
  4138 | D:5      | Mangled by Prince Ribbit

Vault maps used:
D:1:      nicolae_arrival_somewhat_less_tricky_arrival
D:2:      nicolae_overflow_crystal_walls, uniq_iyjb, uniq_sigmund
D:3:      okawaru_altar_gauntlet_db, first_bread, kennysheep_potato
D:4:      kennysheep_little_box, kennysheep_generic_room_16
D:5:      uniq_prince_ribbit1

Skill      XL: |  1  2  3  4  5  6  7 |
---------------+----------------------+-----
Fighting       | 4 5 6 |  6.3
Axes           | 4 5 6 |  6.9
Armour         | 3 4 |  4.1
Dodging        | 3 4 |  4.3
Stealth        | |  0.1

Action                   |  1- 3 |  4- 6 |  7- 9 || total
-------------------------+-------+-------+-------++-------
Melee: Hand axe          |    50 |   132 |    55 ||   237
       Headbutt          |     9 |    26 |    10 ||    45
Invok: Berserk           |     2 |     1 |       ||     3
  Eat: Fruit             |     1 |     1 |       ||     2
       Chunk             |       |     9 |     2 ||    11
Armor: Plate armour      |    34 |   123 |    46 ||   203
       Animal skin       |     1 |       |       ||     1
Dodge: Dodged            |    29 |    71 |    25 ||   125
